 Dungeon Crawl Stone Soup version 0.27.1-34-g3ba077fa99 (webtiles) character file.

Game seed: 6568495056448538666

271127 pkoi the Stormcaller (level 19, -3/142 (146) HPs)
             Began as a Grey Draconian Air Elementalist on Jan 26, 2022.
             Was a High Priest of Vehumet.
             Killed from afar by a deep elf annihilator (22 damage)
             ... with a poison arrow
             ... on level 3 of the Elven Halls.
             The game lasted 03:02:32 (88763 turns).

pkoi the Stormcaller (DrAE)                        Turns: 88763, Time: 03:02:33

HP:   -3/142 (146)  AC: 19    Str: 18    XL:     19   Next: 44%
MP:   37/37         EV: 17    Int: 25    God:    Vehumet [*****.]
Gold: 1453          SH: 12    Dex: 13    Spells: 1/46 levels left

rFire    + . .     SeeInvis +   p - +8 spear "Uluossosh" {freeze, Drain rElec Str+7}
rCold    + + .     Faith    .   K - +3 warlock's mirror {reflect}
rNeg     . . .     Spirit   .   (armour unavailable)
rPois    +         Reflect  +   O - +0 mask of the Dragon {Will+ Slay+3 SInv}
rElec    +         Harm     .   S - scarf {rC+ rF+}
rCorr    .         Rampage  .   e - +0 pair of gloves
Will     ++...                  D - +2 pair of boots {Fly}
Stlth    +++.......             c - amulet of reflection
HPRegen  0.33/turn              P - +6 ring of intelligence
MPRegen  0.25/turn              N - ring "Fodiwiche" {Fly rPois rC+ Int-3 Stlth+}

@: lethally poisoned (-3 -> -10), about to teleport, flying, studying Ice Magic,
lightly drained
A: AC +15, amphibious, unfitting armour, cold-blooded
}: 2/15 runes: decaying, serpentine
a: Renounce Religion


You were on level 3 of the Elven Halls.
You worshipped Vehumet.
Vehumet was extremely pleased with you.
You visited 7 branches of the dungeon, and saw 34 of its levels.
You also visited: Bailey and Ice Cave.

You collected 3946 gold pieces.
You spent 2493 gold pieces at shops.

Inventory:

Hand Weapons
 p - the +8 spear "Uluossosh" (weapon) {freeze, Drain rElec Str+7}
   (You found it on level 1 of the Swamp)

   It freezes those it strikes, dealing additional cold damage.
   It can also slow down cold-blooded creatures.
   Str:       It affects your strength (+7).
   rElec:     It insulates you from electricity.
   Drain:     It drains your maximum health when unequipped.
Missiles
 g - 22 curare-tipped darts
Armour
 e - a +0 pair of gloves (worn)
 D - a +2 pair of boots of flying (worn)
 K - the +3 warlock's mirror (worn) {reflect}
   (You acquired it on level 3 of the Elven Halls)

   It can block and reflect piercing ranged attacks and magical attacks against
   the wielder's willpower.
 O - the +0 mask of the Dragon (worn) {Will+ Slay+3 SInv}
   (You bought it in a shop on level 2 of the Orcish Mines)

   Slay:      It affects your accuracy & damage with ranged weapons and melee
   (+3).
   SInv:      It lets you see invisible.
   Will:      It increases your willpower.
 S - a scarf of resistance (worn)
Jewellery
 c - an amulet of reflection (around neck)
 i - a ring of protection from fire
 y - an amulet of the acrobat
 H - the ring "Dicuwoph" {rPois rF++ Dex+6 SInv}
   (You took it off a deep elf archer on level 3 of the Elven Halls)

   [ring of dexterity]

   Dex:       It affects your dexterity (+6).
   rF:        It greatly protects you from fire.
   rPois:     It protects you from poison.
   SInv:      It lets you see invisible.
 I - a ring of willpower
 N - a ring "Fodiwiche" (right hand) {Fly rPois rC+ Int-3 Stlth+}
   (You bought it in a shop on level 2 of the Orcish Mines)

   [ring of flight]

   Int:       It affects your intelligence (-3).
   rC:        It protects you from cold.
   rPois:     It protects you from poison.
   Fly:       It grants you flight.
   Stlth:     It makes you more stealthy.
 P - a +6 ring of intelligence (left hand)
Wands
 l - a wand of iceblast (59)
 t - a wand of mindburst (23)
 w - a wand of charming (21)
 x - a wand of polymorph (10)
 C - a wand of flame (34)
 G - a wand of digging (12)
 M - a wand of paralysis (16)
 R - a wand of acid (13)
Scrolls
 a - 4 scrolls of amnesia
 f - 20 scrolls of identify
 h - 9 scrolls of enchant weapon
 m - 2 scrolls of enchant armour
 n - 3 scrolls of fog
 r - 3 scrolls of teleportation
 s - 7 scrolls of magic mapping
 u - 3 scrolls of silence
 z - 3 scrolls of blinking
 B - 2 scrolls of fear
Potions
 b - 9 potions of might
 d - 4 potions of heal wounds
 j - a potion of invisibility
 k - 2 potions of berserk rage
 o - 2 potions of ambrosia
 q - 18 potions of curing
 v - 4 potions of brilliance
 A - 2 potions of resistance
 E - 3 potions of cancellation
 F - a potion of magic
 J - 2 potions of haste


   Skills:
 - Level 7.5 Fighting
 - Level 12.4 Dodging
 - Level 3.0 Stealth
 + Level 2.7 Shields
 - Level 14.3 Spellcasting
 - Level 12.6 Conjurations
 - Level 3.2 Translocations
 - Level 7.0 Transmutations
 - Level 8.2 Fire Magic
 - Level 9.0 Ice Magic
 - Level 15.1 Air Magic
 - Level 13.7 Earth Magic
 - Level 6.5 Poison Magic


You had one spell level left.
You knew the following spells:

 Your Spells              Type           Power      Damage    Failure   Level
a - Shock                 Conj/Air       100%       1d9       0%          1
b - Swiftness             Air            76%        N/A       1%          3
c - Airstrike             Air            38%        N/A       1%          4
d - Fireball              Conj/Fire      31%        3d13      1%          5
e - Freezing Cloud        Conj/Ice/Air   34%        6-21      1%          5
f - Iron Shot             Conj/Erth      35%        9d7       1%          6
g - Blink                 Tloc           N/A        N/A       1%          2
h - Olgreb's Toxic Radia  Pois           50%        N/A       1%          4
i - Ignite Poison         Fire/Tmut/Pois 52%        N/A       1%          3
j - Apportation           Tloc           68%        N/A       1%          1
k - Conjure Ball Lightni  Conj/Air       36%        3x3d12    1%          6
l - Lee's Rapid Deconstr  Erth           36%        3d19*     1%          5

Your spell library contained the following spells:

 Spells                   Type           Power      Damage    Failure   Level
 Spellforged Servitor     Conj/Summ      24%        N/A       50%         7
 Magic Dart               Conj           100%       1d8       0%          1
 Beastly Appendage        Tmut           100%       N/A       1%          1
 Foxfire                  Conj/Fire      100%       2x1d9     1%          1
 Sting                    Tmut/Pois      100%       1d8       1%          1
 Corona                   Hex            18%        N/A       3%          1
 Pain                     Necr           68%        1d7       3%          1
 Summon Small Mammal      Summ           68%        N/A       3%          1
 Static Discharge         Conj/Air       72%        N/A       0%          2
 Corpse Rot               Necr/Air       N/A        N/A       1%          2
 Ensorcelled Hibernation  Hex/Ice        80%        N/A       1%          2
 Poisonous Vapours        Pois/Air       100%       N/A       1%          2
 Conjure Flame            Conj/Fire      63%        6-21      1%          3
 Frozen Ramparts          Ice            100%       1d12      1%          3
 Inner Flame              Hex/Fire       38%        N/A       1%          3
 Mephitic Cloud           Conj/Pois/Air  66%        N/A       1%          3
 Ozocubu's Armour         Ice            58%        N/A       1%          3
 Spider Form              Tmut/Pois      25%        N/A       1%          3
 Ice Form                 Ice/Tmut       55%        N/A       1%          4
 Sticky Flame             Conj/Fire      63%        2d8       1%          4
 Summon Lightning Spire   Summ/Air       54%        N/A       1%          4
 Irradiate                Conj/Tmut      30%        3d23      1%          5
 Iskenderun's Battlesphe  Conj           69%        2d12      1%          5
 Gell's Gravitas          Tloc           17%        N/A       2%          3
 Teleport Other           Tloc           34%        N/A       2%          3
 Orb of Destruction       Conj           34%        9d12      4%          7
 Call Imp                 Summ           17%        N/A       5%          2
 Slow                     Hex            17%        N/A       5%          2
 Summon Ice Beast         Ice/Summ       40%        N/A       5%          4
 Blade Hands              Tmut           26%        N/A       5%          5
 Alistair's Intoxication  Tmut/Pois      34%        N/A       6%          5
 Yara's Violent Unravell  Hex/Tmut       17%        3d8       7%          5
 Statue Form              Tmut/Erth      42%        N/A       8%          6
 Eringya's Noxious Bog    Tmut/Pois      25%        N/A       10%         6
 Call Canine Familiar     Summ           17%        N/A       11%         3
 Confusing Touch          Hex            17%        N/A       11%         3
 Tukima's Dance           Hex            17%        N/A       11%         3
 Metabolic Englaciation   Hex/Ice        20%        N/A       16%         5
 Ozocubu's Refrigeration  Ice            29%        4d10      19%         7
 Manifold Assault         Tloc           34%        N/A       26%         5
 Storm Form               Tmut/Air       32%        N/A       32%         7
 Animate Dead             Necr           8%         N/A       34%         4
 Simulacrum               Ice/Necr       20%        N/A       65%         6
 Agony                    Necr           17%        N/A       69%         5
 Excruciating Wounds      Necr           8%         N/A       69%         5
 Dispersal                Tloc           17%        N/A       82%         6
 Ignition                 Fire           28%        3d9       87%         8
 Invisibility             Hex            8%         N/A       99%         6
 Malign Gateway           Summ/Tloc      13%        N/A       100%        7
 Death's Door             Necr           8%         N/A       100%        9
 Animate Armour           Summ/Erth      Unusable   N/A       N/A         4

Dungeon Overview and Level Annotations

Branches:
Dungeon (14/15)            Temple (1/1) D:6            Lair (6/6) D:11
  Swamp (4/4) Lair:4        Snake (4/4) Lair:4        Slime (0/5) Lair:6
    Orc (2/2) D:11            Elf (3/3) Orc:2        Vaults (0/5) D:14
 Bailey (visited)           IceCv (visited)

Altars:
Ashenzari
Cheibriados
Dithmenos
Elyvilon
Fedhas
Gozag
Hepliaklqana
Kikubaaqudgha
Makhleb
Nemelex Xobeh
Okawaru
Qazlal
Ru
Sif Muna
Trog
Uskayaw
Vehumet
Wu Jian
Xom
Yredelemnul
Zin
The Shining One
Beogh
Jiyva

Shops:
D:4 *   Orc:2 ([=!   Elf:2 *   Snake:4 =

Annotations:
D:11 1 runed translucent door
D:13 1 runed translucent door, JJisdabomb's ghost, journeyman TrMo
Swamp:2 1 runed translucent door
Elf:2 3 runed translucent doors
Elf:3 Mara


Innate Abilities, Weirdness & Mutations

Your dull iron-grey scales are very hard. (AC +15)
You are amphibious.
You cannot fit into any form of body armour.
You are cold-blooded and may be slowed by cold attacks.


Message History

Unknown command.
The deep elf death mage gestures at you while chanting.
Your +3 warlock's mirror {reflect} reflects the bolt of negative energy!
The bolt of negative energy hits the deep elf death mage!!
The deep elf death mage is drained!
The bolt of negative energy hits the shadow demon.
The shadow demon completely resists.
The deep elf death mage beckons forth a restless soul!
Unknown command.
Unknown command.
Your surroundings suddenly seem different.
A deep elf annihilator and a deep elf elementalist come into view.
Found a falchion.
Unknown command.
Unknown command.
As you read the scroll of teleportation, it crumbles to dust.
You feel strangely unstable.
A +2 vorpal halberd comes into view.
Unknown command.
Your surroundings suddenly seem different.
The shadow demon gestures.
As you read the scroll of teleportation, it crumbles to dust.
You feel strangely unstable.
The deep elf elementalist shouts!
You hear a shout! x2
The deep elf sorcerer points at you and mumbles some strange words.
The sphere of damnation explodes!
The damnation engulfs you!!
* * * LOW HITPOINT WARNING * * *
The shadow demon gestures.
The soul eater draws from the surrounding life force!
* * * LOW HITPOINT WARNING * * *
You hear a shout!
You feel much better.
The deep elf sorcerer gestures at you while chanting.
Your +3 warlock's mirror {reflect} reflects the Banishment!
The deep elf sorcerer is devoured by a tear in reality.
The deep elf annihilator casts a spell at you.
The poison arrow hits you!!
You are poisoned.
You partially resist.
You die...

#§e.e...###.#+##..#≈≈..
##2e.....))..E..#..#≈≈..
#e........)#....#..#≈≈..
##.E..ee..).#...E#.()....
#..eeee.3...#...EE.E(....
#.e...e§.e...###...#..#≈≈..
..e....R.......#
#...#..#≈≈..
.........⌠.....#
#...#..#≈≈..
###........e.@.#
#...#..#≈≈.. #...........##
#...#..#≈≈.. .'..........##
#...#..#≈≈.. }#.........##
#...#..#≈≈.. .....# #...#
#≈≈.. ...## #≈≈.. .## #≈≈..
#≈≈.. #####


You could see Mara, 2 deep elf master archers, a deep elf annihilator, 2 deep
elf death magi, 3 deep elf sorcerers, a deep elf elementalist (fast, repels
missiles), a soul eater (summoned), a shadow demon (summoned) and a deep elf
demonologist.

Vanquished Creatures
  A shard shrike (IceCv)
  Vashnia (Snake:3)
  A bone dragon (Swamp:2)
  Rupert (D:14)
  Asterion (Snake:3)
  Frances (Swamp:1)
  5 thorn hunters
  Roxanne (Snake:2)
  Kirke (Swamp:1)
  Donald (Swamp:4)
  2 fenstrider witches (Swamp:3)
  5 nagarajas
  A deep elf sorcerer (Elf:3)
  Aizul (Snake:3)
  Louise (Swamp:3)
  Azrael (D:14)
  A dire elephant (Lair:6)
  A white draconian (IceCv)
  A deep elf demonologist (Elf:1)
  2 bunyips
  An eleionoma (Swamp:1)
  A shambling mangrove (Swamp:4)
  11 naga warriors
  3 salamander tyrants
  3 deep elf high priests (Elf:3)
  3 boulder beetles
  12 hydras
  4 ghost crabs (Swamp:4)
  9 anacondas
  3 ironbound frosthearts (IceCv)
  A spriggan air mage (Swamp:4)
  The ghost of pkoi the Destroyer, a journeyman DrCj of Vehumet (D:10)
  3 catoblepae
  An ogre mage (D:13)
  4 centaur warriors
  6 two-headed ogres
  16 dancing weapons
  10 death yaks
  10 alligators
  Urug (D:13)
  5 shock serpents
  2 tengu warriors (D:13)
  A deep troll shaman (Lair:6)
  5 orc high priests (Orc:2)
  5 spriggan berserkers (Elf:1)
  Sonja (D:12)
  17 naga sharpshooters
  Nergalle (Lair:2)
  8 deep elf knights
  4 skeletal warriors
  8 salamander mystics
  4 sea snakes (Snake:4)
  4 goliath frogs
  A death drake (Swamp:4)
  4 spectral hydras (Swamp:4)
  A swamp dragon (Swamp:4)
  2 spriggan druids
  7 naga ritualists
  An orange crystal statue (IceCv)
  The ghost of Fractals the Stinger, a novice TeVM of Gozag (D:7)
  6 bog bodies
  12 deep elf archers
  19 deep elf zephyrmancers
  16 mana vipers
  26 deep elf pyromancers
  A phantasmal warrior (Swamp:4)
  13 ugly things
  6 orc knights
  An oklob plant (D:11)
  2 cyclopes
  An orc sorcerer (Orc:2)
  4 will-o-the-wisps
  2 manticores
  5 guardian serpents
  19 naga magi
  5 elephants (Lair:6)
  14 salamanders
  2 torpor snails
  36 black mambas
  11 cane toads
  A gargoyle (D:13)
  An unseen horror (D:12)
  18 rime drakes
  Maggie (D:6)
  An efreet (D:14)
  10 komodo dragons
  An anaconda simulacrum (Snake:4)
  2 swamp worm zombies (Swamp:4)
  A tengu conjurer (D:13)
  4 hydra zombies (Swamp:4)
  19 polar bears
  2 trolls (D:12)
  A troll (shapeshifter) (Elf:2)
  8 tyrant leeches
  4 bloated husks
  3 meliai (D:14)
  10 hornets
  2 spectral swamp dragons (Swamp:4)
  8 slime creatures
  A blink frog (Lair:5)
  2 alligator zombies (Swamp:4)
  A centaur simulacrum (D:14)
  56 yaks
  A wyvern (Lair:4)
  5 air elementals
  A shadow (D:10)
  10 spriggans
  A human (shapeshifter) (D:13)
  A dire elephant simulacrum (Snake:4)
  A vampire (D:12)
  6 fire elementals
  4 hogs (Swamp:1)
  4 basilisks
  5 wraiths
  15 vampire mosquitoes
  3 steam dragons
  11 swamp worms
  A warg (Orc:1)
  3 minotaur simulacra (Snake:4)
  A harpy simulacrum (Snake:4)
  44 nagas
  2 hell hounds (D:14)
  21 water moccasins
  30 orc warriors
  3 black bears
  12 wolves
  3 hornet zombies
  2 ice beasts
  13 ogres
  3 swamp dragon zombies (Swamp:4)
  8 centaurs
  8 phantoms
  14 bullfrogs
  2 kobold brigands
  An earth elemental (Elf:2)
  A gnoll sergeant (D:6)
  A wyvern zombie (D:7)
  2 scorpions
  A water moccasin skeleton (D:6)
  2 lindwurm simulacra (Snake:4)
  8 killer bees
  5 wights (D:9)
  3 howler monkeys
  An electric eel (Elf:3)
  A bullfrog zombie (D:5)
  3 jellies
  2 centaur zombies
  2 hounds
  36 orc priests
  2 bullfrog skeletons
  3 iguanas
  11 hell rats
  11 orc wizards
  2 spectral swamp drakes (Swamp:4)
  A scorpion zombie (D:5)
  7 gnolls
  8 adders
  A shadow imp (D:8)
  A white imp (D:7)
  An ufetubus (D:4)
  An adder skeleton (D:4)
  A worm (D:2)
  2 dart slugs
  60 orcs
  10 ball pythons
  9 endoplasms
  7 giant cockroaches
  7 goblins
  8 hobgoblins
  8 jackals
  22 kobolds
  4 quokkas
  2 bats (D:1)
  5 frilled lizards
  9 rats
  15 briar patches
1098 creatures vanquished.

Vanquished Creatures (collateral kills)
  5 ball lightnings
5 creatures vanquished.

Vanquished Creatures (others)
  A hydra (Swamp:1)
  A deep elf archer (Elf:3)
  2 bloated husks
  3 humans (Swamp:1)
  231 ball lightnings
  A bush (Lair:4)
  18 foxfires
  26 fungi
  96 plants
379 creatures vanquished.

Grand Total: 1482 creatures vanquished

Notes
Turn   | Place    | Note
-------+----------+-------------------------------------------
     0 | D:1      | pkoi the Draconian Air Elementalist began the quest for the
                  | Orb.
     0 | D:1      | Reached XP level 1. HP: 14/14 MP: 3/3
   265 | D:1      | Reached XP level 2. HP: 20/20 MP: 0/5
   651 | D:1      | Found a faded altar of an unknown god.
  1367 | D:1      | Reached XP level 3. HP: 26/26 MP: 3/6
  2195 | D:2      | Reached XP level 4. HP: 28/33 MP: 2/8
  3051 | D:3      | Learned a level 3 spell: Swiftness
  3056 | D:3      | Learned a level 4 spell: Airstrike
  3254 | D:3      | Reached skill level 4 in Air Magic
  4074 | D:3      | Found a hide-covered altar of Uskayaw.
  4156 | D:4      | Reached XP level 5. HP: 38/38 MP: 2/9
  4418 | D:4      | Found Duenwan's Overcharged Wands.
  4427 | D:4      | Reached skill level 5 in Air Magic
  4524 | D:4      | Noticed a phantom
  4584 | D:4      | Killed a phantom
  4585 | D:4      | Reached XP level 6. HP: 7/45 MP: 0/10
  4887 | D:4      | Reached skill level 6 in Air Magic
  5026 | D:4      | Found a radiant altar of Vehumet.
  5071 | D:4      | Became a worshipper of Vehumet
  5519 | D:4      | Found a glowing golden altar of the Shining One.
  5564 | D:4      | Reached skill level 7 in Air Magic
  5717 | D:4      | Your scales start taking on a dull iron-grey colour.
  5717 | D:4      | Reduced skill Air Magic to level 6
  5717 | D:4      | Reached XP level 7. HP: 50/50 MP: 5/11
  5796 | D:5      | Entered Level 5 of the Dungeon
  6514 | D:5      | Found a broken altar of Ashenzari.
  6656 | D:5      | Reached skill level 7 in Air Magic
  7785 | D:5      | Reached XP level 8. HP: 57/57 MP: 8/12
  7868 | D:6      | Noticed Maggie
  7880 | D:6      | Killed Maggie
  7881 | D:6      | Reached skill level 8 in Air Magic
  7903 | D:6      | Reached * piety under Vehumet
  7903 | D:6      | Offered knowledge of Sandblast by Vehumet.
  8286 | D:6      | Found a staircase to the Ecumenical Temple.
  8348 | Temple   | Entered the Ecumenical Temple
  8444 | D:6      | Found a hazy altar of Hepliaklqana.
  8447 | D:6      | Found a sacrificial altar of Ru.
  9025 | D:6      | Found a burning altar of Makhleb.
  9027 | D:6      | Reached skill level 9 in Air Magic
  9144 | D:6      | Found a stormy altar of Qazlal.
  9537 | D:7      | Found a transporter.
 10202 | D:7      | Identified the +6 dire flail "Aress" {flame, rPois rF+ MP-9
                  | Dex+3}
 10202 | D:7      | Noticed a two-headed ogre
 10202 | D:7      | Noticed Fractals's ghost (novice TeVM)
 10254 | D:6      | Reached XP level 9. HP: 52/62 MP: 2/15
 10858 | D:8      | Noticed a centaur warrior
 12724 | D:8      | Reached skill level 10 in Air Magic
 13053 | D:9      | Found an ornate altar of the Wu Jian Council.
 13092 | D:9      | Found a shimmering blue altar of Sif Muna.
 13116 | D:9      | Found a flagged portal.
 13124 | Bailey   | Entered a bailey
 13328 | D:8      | Reached skill level 5 in Spellcasting
 15121 | D:9      | Reached XP level 10. HP: 36/69 MP: 5/19
 15407 | D:10     | Entered Level 10 of the Dungeon
 15433 | D:10     | Reached skill level 11 in Air Magic
 15524 | D:10     | Found an ancient bone altar of Kikubaaqudgha.
 15995 | D:10     | Found a runed translucent door.
 16348 | D:10     | Noticed pkoi's ghost (journeyman DrCj)
 16387 | D:10     | Found a glowing silver altar of Zin.
 16387 | D:10     | Noticed an angel
 18819 | D:11     | Reached skill level 12 in Air Magic
 18951 | D:11     | Found a staircase to the Orcish Mines.
 18992 | D:11     | Noticed a two-headed ogre
 19001 | D:11     | Killed a two-headed ogre
 19251 | D:11     | Found a staircase to the Lair.
 19253 | D:11     | Noticed an oklob plant
 19360 | D:11     | Noticed a tengu reaver
 19360 | D:11     | Found a runed translucent door.
 19360 | D:11     | Noticed a boulder beetle
 19373 | D:11     | Noticed a skeletal warrior
 19376 | D:11     | Noticed a tengu warrior
 19376 | D:11     | Noticed a boulder beetle
 20424 | Lair:1   | Entered Level 1 of the Lair of Beasts
 20546 | Lair:1   | Noticed a cane toad
 20552 | Lair:1   | Killed a cane toad
 20747 | Lair:1   | Noticed a cane toad
 20752 | Lair:1   | Killed a cane toad
 20753 | Lair:1   | Reached XP level 11. HP: 74/74 MP: 7/22
 21411 | Lair:1   | Found an ornate altar of the Wu Jian Council.
 21593 | Lair:1   | Got the Tome of the Arsonist and Toxins
 21930 | Lair:2   | Noticed Nergalle
 22073 | Lair:2   | Killed Nergalle
 22367 | Lair:2   | Noticed a five-headed hydra
 22372 | Lair:2   | Killed a five-headed hydra
 22587 | Lair:2   | Noticed a catoblepas
 22623 | Lair:2   | Killed a catoblepas
 22624 | Lair:2   | Reached skill level 13 in Air Magic
 23314 | Lair:2   | Noticed a boulder beetle
 23802 | Lair:3   | Noticed a seven-headed hydra
 23808 | Lair:3   | Killed a seven-headed hydra
 24971 | Lair:3   | Learned a level 4 spell: Sticky Flame
 25571 | Lair:3   | Reached skill level 1 in Fire Magic
 25883 | Lair:2   | Reached XP level 12. HP: 81/81 MP: 12/25
 26054 | Lair:2   | Learned a level 5 spell: Freezing Cloud
 26400 | Lair:2   | Killed a boulder beetle
 26401 | Lair:2   | Reached skill level 1 in Ice Magic
 26868 | Lair:3   | Reached skill level 5 in Conjurations
 28824 | Lair:4   | Found a staircase to the Snake Pit.
 28875 | Lair:4   | Reached ** piety under Vehumet
 28875 | Lair:4   | Offered knowledge of Freeze by Vehumet.
 29174 | Lair:4   | Reached skill level 14 in Air Magic
 29319 | Lair:4   | Found a staircase to the Swamp.
 30775 | Snake:1  | Entered Level 1 of the Snake Pit
 31226 | Lair:5   | Offered knowledge of Inner Flame by Vehumet.
 31514 | Lair:5   | Noticed a seven-headed hydra
 31519 | Lair:5   | Killed a seven-headed hydra
 32023 | Lair:5   | Noticed a seven-headed hydra
 32026 | Lair:5   | Reached XP level 13. HP: 76/86 MP: 8/26
 32463 | Lair:5   | Reached skill level 5 in Fire Magic
 32901 | Lair:5   | Reached skill level 5 in Ice Magic
 33181 | Lair:5   | Got Sif Muna's Tome of Unholy Rituals
 33243 | Lair:5   | Reached *** piety under Vehumet
 33556 | Lair:5   | Learned a level 6 spell: Iron Shot
 33597 | Lair:5   | Reached skill level 10 in Spellcasting
 33851 | Lair:6   | Entered Level 6 of the Lair of Beasts
 33934 | Lair:6   | Reached skill level 1 in Earth Magic
 34238 | Lair:6   | Learned a level 2 spell: Blink
 34267 | Lair:6   | Reached skill level 1 in Translocations
 34752 | Lair:6   | Offered knowledge of Iskenderun's Mystic Blast by Vehumet.
 35708 | Lair:6   | Found a viscous altar of Jiyva.
 35708 | Lair:6   | Found a staircase to the Slime Pits.
 36242 | Lair:6   | Noticed a dire elephant
 36481 | Lair:6   | Killed a dire elephant
 37097 | Lair:6   | Got the Tome of Summoning
 38116 | D:8      | Reached **** piety under Vehumet
 38127 | D:8      | Identified a scroll of acquirement
 38250 | D:8      | Reached skill level 1 in Fighting
 38250 | D:8      | Reached skill level 5 in Earth Magic
 38250 | D:8      | Reached XP level 14. HP: 44/96 MP: 4/28
 38756 | Orc:1    | Entered Level 1 of the Orcish Mines
 38777 | Orc:1    | Offered knowledge of Hailstorm by Vehumet.
 39701 | Orc:2    | Entered Level 2 of the Orcish Mines
 40991 | Orc:2    | Reached ***** piety under Vehumet
 41390 | Orc:2    | Offered knowledge of Olgreb's Toxic Radiance by Vehumet.
 41569 | Orc:2    | Learned a level 4 spell: Olgreb's Toxic Radiance
 41573 | Orc:2    | Learned a level 3 spell: Ignite Poison
 41689 | Orc:2    | Found a staircase to the Elven Halls.
 42104 | Orc:2    | Reached skill level 1 in Transmutations
 42104 | Orc:2    | Reached skill level 1 in Poison Magic
 43397 | Orc:2    | Found Iniaq's Jewellery Boutique.
 43397 | Orc:2    | Found Maivelem's Distillery.
 43398 | Orc:2    | Found Zokekiun's Weapon Boutique.
 43398 | Orc:2    | Found Figgacy's Armour Shop.
 43408 | Orc:2    | Bought the +0 mask of the Dragon {Will+ Slay+3 SInv} for
                  | 501 gold pieces
 43408 | Orc:2    | Found the +0 mask of the Dragon {Will+ Slay+3 SInv}
 43622 | Swamp:1  | Entered Level 1 of the Swamp
 43843 | Swamp:1  | Identified the +8 spear "Uluossosh" {freeze, Drain rElec
                  | Str+7}
 44359 | Swamp:1  | Reached skill level 5 in Poison Magic
 44559 | Swamp:1  | Noticed Kirke
 44578 | Swamp:1  | Noticed a sphinx
 44578 | Swamp:1  | Killed Kirke
 45384 | Swamp:1  | Noticed Frances
 46007 | Orc:2    | Acquired 492 gold pieces
 46009 | Orc:2    | Bought a ring "Fodiwiche" {Fly rPois rC+ Int-3 Stlth+} for
                  | 579 gold pieces
 46009 | Orc:2    | Bought a +6 ring of intelligence for 1053 gold pieces
 46091 | D:12     | Noticed Sonja
 46095 | D:12     | Killed Sonja
 47572 | Snake:1  | Reached XP level 15. HP: 105/110 MP: 7/29
 47713 | Snake:1  | Offered knowledge of Fireball by Vehumet.
 47773 | Lair:4   | Learned a level 5 spell: Fireball
 49230 | Snake:1  | Reached skill level 5 in Fighting
 49817 | Snake:2  | Reached skill level 10 in Conjurations
 50365 | Snake:2  | Reached skill level 5 in Dodging
 51249 | Snake:2  | Identified Roxanne's Compendium of Transformation
 51249 | Snake:2  | Noticed Roxanne
 51801 | Snake:3  | Noticed Vashnia
 52569 | Snake:3  | Noticed a nagaraja
 52578 | Snake:3  | Killed a nagaraja
 52703 | Snake:3  | Reached skill level 10 in Earth Magic
 52875 | Snake:3  | Noticed Aizul
 52886 | Snake:3  | Killed Aizul
 56112 | Snake:3  | Reached XP level 16. HP: 18/122 MP: 7/30
 56528 | Snake:3  | Reached skill level 5 in Transmutations
 57247 | Snake:3  | Noticed Asterion
 60396 | D:13     | Identified the +0 arbalest of Duty {vorpal, Will- Int+8}
 60400 | D:13     | Noticed Urug
 60409 | D:13     | Killed Urug
 61681 | D:13     | Learned a level 1 spell: Apportation
 61821 | D:13     | Noticed JJisdabomb's ghost (journeyman TrMo)
 61827 | D:13     | Found a runed translucent door.
 62797 | D:14     | Noticed Rupert
 63048 | D:14     | Killed Rupert
 63201 | D:14     | Noticed Azrael
 63207 | D:14     | Killed Azrael
 63653 | D:14     | Found a gate to the Vaults.
 63689 | D:14     | Offered knowledge of Lightning Bolt by Vehumet.
 64871 | Elf:1    | Entered Level 1 of the Elven Halls
 65905 | Elf:1    | Noticed an Ice Fiend
 66628 | Elf:1    | Got the Volume of Summoning
 67018 | Elf:1    | Found a bloodstained altar of Trog.
 67166 | Elf:1    | Reached XP level 17. HP: 128/128 MP: 23/31
 68037 | Elf:2    | Identified the +2 robe of Hospitality {*Corrode +Blink rF++
                  | Str+9}
 68107 | Elf:2    | Reached skill level 10 in Dodging
 68436 | Elf:2    | Found Pevawod's Assorted Antiques.
 68760 | Elf:2    | Paralysed by an air elemental for 1 turns
 69262 | Elf:2    | Found a runed translucent gate.
 69263 | Elf:2    | Found a runed translucent gate.
 69263 | Elf:2    | Found a runed translucent gate.
 69720 | Swamp:1  | Killed Frances
 71185 | Swamp:2  | Offered knowledge of Bolt of Magma by Vehumet.
 71654 | Swamp:2  | Found a runed translucent door.
 72181 | Swamp:3  | Learned a level 6 spell: Conjure Ball Lightning
 72201 | Swamp:3  | Noticed Louise
 72208 | Swamp:3  | Killed Louise
 72982 | Swamp:3  | Paralysed by a fenstrider witch for 7 turns
 73624 | Swamp:4  | Entered Level 4 of the Swamp
 73630 | Swamp:4  | Noticed Donald
 73636 | Swamp:4  | Killed Donald
 74482 | Swamp:4  | Reached XP level 18. HP: 135/135 MP: 13/34
 76740 | Swamp:4  | Noticed a bone dragon
 77366 | Swamp:4  | Got a decaying rune of Zot
 77819 | Snake:3  | Killed Vashnia
 77820 | Snake:3  | Reached skill level 15 in Air Magic
 78163 | Snake:3  | Killed Asterion
 78894 | Snake:4  | Entered Level 4 of the Snake Pit
 78907 | Snake:4  | Found a frozen archway.
 79230 | IceCv    | Entered an ice cave
 79324 | IceCv    | Offered knowledge of Lee's Rapid Deconstruction by Vehumet.
 80274 | IceCv    | Found the +4 skin of Zhor {*Englaciate rC+++ SInv}
 80334 | IceCv    | Noticed a shard shrike
 80343 | IceCv    | Killed a shard shrike
 80915 | Snake:3  | Learned a level 5 spell: Lee's Rapid Deconstruction
 80945 | Snake:4  | Found Monoazel's Jewellery Shoppe.
 80952 | Snake:4  | Bought an amulet of reflection for 360 gold pieces
 82598 | Snake:4  | Reached XP level 19. HP: 126/143 MP: 37/37
 82749 | Snake:4  | Offered knowledge of Spellforged Servitor by Vehumet.
 82966 | Swamp:2  | Killed a bone dragon
 84867 | Snake:4  | Got a serpentine rune of Zot
 85762 | Snake:2  | Killed Roxanne
 86215 | D:7      | Found a transporter.
 86222 | D:7      | Killed Fractals's ghost
 86470 | D:10     | Killed pkoi's ghost
 86866 | Elf:2    | Found an ancient bone altar of Kikubaaqudgha.
 87188 | Elf:3    | Entered Level 3 of the Elven Halls
 87539 | Elf:3    | Paralysed by an air elemental for 1 turns
 88603 | Elf:3    | Identified the ring "Dicuwoph" {rPois rF++ Dex+6 SInv}
 88712 | Elf:3    | Acquired the +3 warlock's mirror {reflect}
 88712 | Elf:3    | Found the +3 warlock's mirror {reflect}
 88738 | Elf:3    | Reached skill level 1 in Shields
 88753 | Elf:3    | Noticed Mara
 88762 | Elf:3    | HP: 2/142 [soul eater/drain life[a deep elf demonologist]
                  | (11)]
 88763 | Elf:3    | Killed from afar by a deep elf annihilator

Illustrated notes

Levels and vault maps discovered:
D:1:      lightli_arrival_statue_moat, layout_loops_cross,
          hellmonk_ecumenical_altar_crossroads, minmay_misc_feat_ornament
D:2:      layout_basic
D:3:      layout_rooms, lemuel_coloured_pillars_altar, lexackson_kobold_supper
D:4:      layout_rooms, nicolae_tso_swordbearing_angel, kennysheep_mini,
          gup_sewer_entry_glass, nicolae_shop_overcharged_wands
D:5:      layout_loops_ring, mainiacjoe_overflow_concentric_impassable
D:6:      layout_basic, kennysheep_mini_moat, mainiacjoe_overflow_brackets,
          chequers_temple_overflow_statue_of_worship, minmay_temple_entry_wispy,
          uniq_maggie
D:7:      layout_rooms, gammafunk_ghost_smash, minmay_misc_feat_encased
D:8:      minmay_recursive_quarters, layout_rooms, kennysheep_crisscross
D:9:      layout_roguey, lemuel_round_altar,
          mainiacjoe_overflow_six_doors_small, enter_bailey_2
D:10:     layout_gridville, mainiacjoe_overflow_alcove_1, zin_angel,
          gammafunk_ghost_grave
D:11:     layout_stronghold, dpeg_oklobed_lair, orc_0_dummy, minmay_st_funbox
D:12:     layout_loops_ring, uniq_sonja
D:13:     layout_loops_corners, hellmonk_ghost_happy_afterlife, uniq_urug
D:14:     layout_irregular_city, erik_vaults_1, hangedman_decor_slide_cut,
          uniq_azrael, uniq_rupert
Temple:   cyrus_temple_forest
Lair:1:   layout_roguey, basic_altar
Lair:2:   layout_chaotic_city, uniq_nergalle
Lair:3:   layout_regular_city
Lair:4:   layout_regular_city, swamp_mist_pool, dummy_snake_entry,
          gauntlet_entry_generic
Lair:5:   nzn_winding_woodlands_cross [nzn_winding_woodlands_5x15_cabin,
          nzn_winding_woodlands_5x15_sawtooth, nzn_winding_woodlands_5x15_twine,
          nzn_winding_woodlands_5x15_garden,
          nzn_winding_woodlands_15x15_five_gardens], layout_cave_pods
Lair:6:   grunt_lair_end_beastmaster, layout_cave_pods, slime_altar_1
Swamp:1:  layout_basic_swamp, evilmike_swamp_ruin_house_3, uniq_frances,
          uniq_kirke
Swamp:2:  gammafunk_mikee_crab_dinner, layout_basic_swamp, serial_swamp_ruin,
          evilmike_swamp_ruin_house_2, evilmike_swamp_ruin_house_6,
          evilmike_swamp_ruin_rubble_2
Swamp:3:  layout_basic_swamp, nicolae_swamp_little_tower,
          infiniplex_staircase_pool, uniq_louise
Swamp:4:  swamp_pestilence, layout_basic_swamp, uniq_donald
Snake:1:  layout_onion_interference, st_stairs_5
Snake:2:  layout_onion, uniq_roxanne
Snake:3:  layout_onion, nicolae_snake_round_shape_thing, uniq_asterion,
          uniq_vashnia, uniq_aizul
Snake:4:  johnstein_snake_rune_scales, layout_chambers, serial_shops,
          nicolae_diamond_shop, portal_ice_cave_entry_ice_simulacra,
          serial_bayou_shore_a
Orc:1:    layout_caves, basic_altar
Orc:2:    st_orc_pillars, layout_caves, basic_altar
Elf:1:    minmay_elf_arrival_summoners, layout_geoelf_octagon,
          minmay_elf_demonology, evilmike_spriggan_trog_shrine
Elf:2:    nicolae_elf_blades_crystal_corner, layout_gridlike, serial_shops,
          shop, david_defended_altar_elf
Elf:3:    minmay_elf_hall_quartered_circle, layout_geoelf_castle,
          serial_co_window_serial, co_window_corner_a, co_window_paths_a,
          co_window_paths_a, co_window_paths_a, co_window_paths_a,
          co_window_of_opportunity_b, co_window_2corner, co_window_paths_c,
          co_window_broadway_b, glass_columns_a, glass_columns_b,
          glass_columns_a, glass_columns_b, uniq_mara

Skill      XL: |  1  2  3  4  5  6  7  8  9 10 11 12 13 14 15 16 17 18 19 |
---------------+----------------------------------------------------------+-----
Conjurations   | 2 4 6 8 9 10 11 12 | 12.6
Spellcasting   | 3 4 6 7 9 10 12 14 | 14.3
Air Magic      | 4 5 6 7 9 10 12 13 14 15 | 15.1
Fire Magic     | 1 4 7 8 |  8.2
Ice Magic      | 4 6 7 9 |  9.0
Earth Magic    | 5 7 11 13 | 13.7
Translocations | 3 |  3.2
Fighting       | 1 3 6 7 |  7.5
Dodging        | 2 3 7 9 11 12 | 12.4
Transmutations | 3 4 7 |  7.0
Poison Magic   | 6 |  6.5
Stealth        | 2 3 |  3.0
Shields        | 2 |  2.7

Action                   |  1- 3 |  4- 6 |  7- 9 | 10-12 | 13-15 | 16-18 | 19-21 || total
-------------------------+-------+-------+-------+-------+-------+-------+-------++-------
Melee: Short sword       |     2 |    50 |    18 |       |       |       |       ||    70
       Staff             |     7 |    16 |     8 |       |     2 |     6 |       ||    39
       Tailslap          |     1 |     3 |     8 |    24 |    36 |    29 |     2 ||   103
       Spear             |       |       |    52 |    56 |     4 |   123 |    13 ||   248
       Dagger            |       |       |       |   136 |   234 |    33 |       ||   403
       Shortbow          |       |       |       |     1 |       |       |       ||     1
 Fire: Shortbow          |       |       |       |     1 |       |       |       ||     1
 Cast: Shock             |    73 |   179 |   120 |     3 |     3 |       |       ||   378
       Airstrike         |       |       |    95 |   357 |   399 |   161 |    34 ||  1046
       Freezing Cloud    |       |       |       |     7 |   168 |   206 |    57 ||   438
       Ignite Poison     |       |       |       |       |    19 |    53 |       ||    72
       Olgreb's Toxic Ra |       |       |       |       |    14 |    33 |       ||    47
       Blink             |       |       |       |       |     6 |    10 |     3 ||    19
       Iron Shot         |       |       |       |       |       |   124 |    15 ||   139
       Fireball          |       |       |       |       |       |    11 |       ||    11
       Conjure Ball Ligh |       |       |       |       |       |    83 |     8 ||    91
       Apportation       |       |       |       |       |       |     6 |       ||     6
       Lee's Rapid Decon |       |       |       |       |       |       |    14 ||    14
Evoke: Wand              |       |       |     7 |       |       |     1 |       ||     8
  Use: Scroll            |       |     2 |    11 |     9 |     7 |     6 |     5 ||    40
       Potion            |       |     2 |       |       |     2 |       |     1 ||     5
 Stab: Sleeping          |       |       |       |     1 |       |     1 |       ||     2
       Distracted        |       |       |       |       |     1 |       |       ||     1
Armor: Skin              |     9 |    40 |    66 |   129 |   142 |   113 |    13 ||   512
Dodge: Dodged            |     6 |    46 |    97 |   255 |   306 |   282 |    23 ||  1015
Block: Other             |       |       |       |       |       |    10 |     5 ||    15
       Reflection        |       |       |       |       |       |     2 |     8 ||    10
       Buckler           |       |       |       |       |       |       |    11 ||    11
